Selects Advanced Infantry Battlegroup
Selects Convert to Ranger Squad
Selects Convert to Ranger Squad
Selects Frontline Medical Station
Frontline Medical Station
Construct Weapon Support Center
Improved M9 Bazooka Rockets
Selects Ranger Weapon Training
Selects Ammunition Storage
Frontline Medical Station
M18 Hellcat Tank Destroyer
M18 Hellcat Tank Destroyer
M18 Hellcat Tank Destroyer
Selects M2A1 105mm Howitzer Emplacement
Selects 155mm Rapid Artillery Barrage
155mm Rapid Artillery Barrage
M18 Hellcat Tank Destroyer
M18 Hellcat Tank Destroyer
M18 Hellcat Tank Destroyer
M18 Hellcat Tank Destroyer